 Dungeon Crawl Stone Soup version 0.31-a0-479-g91c9547826 (webtiles) character file.

Game seed: 15868668083612192995

483 jaspen the Covered (level 6, -1/56 HPs)
             Began as a Minotaur Fighter on Aug 7, 2023.
             Slain by a lemure (2 damage)
             ... led by Pikel
             ... on level 5 of the Dungeon.
             The game lasted 00:05:02 (2789 turns).

jaspen the Covered (Minotaur Fighter)               Turns: 2789, Time: 00:05:03

Health: -1/56      AC:  7    Str: 22    XL:     6   Next: 87%
Magic:  5/5        EV: 10    Int:  5    God:
Gold:   153        SH:  5    Dex: 10    Spells: 5/5 levels left

rFire   . . .        a - +0 war axe (heavy)
rCold   . . .        c - +0 buckler
rNeg    . . .        b - +0 scale mail
rPois   +            (helmet restricted)
rElec   .            (no cloak)
rCorr   .            (no gloves)
SInv    +            (no boots)
Will    .....        (no amulet) Stlth
                     h - ring of see invisible
HPRegen 0.29/turn    l - ring of poison resistance
MPRegen 0.09/turn

%: no passive effects
@: no status effects
A: horns 2, retaliatory headbutt
a: no special abilities


You were on level 5 of the Dungeon.
You visited 1 branch of the dungeon, and saw 5 of its levels.

You collected 153 gold pieces.

Inventory:

Hand Weapons
 a - a +0 heavy war axe (weapon)
Armour
 b - a +0 scale mail (worn)
 c - a +0 buckler (worn)
Jewellery
 h - a ring of see invisible (left hand)
 l - a ring of poison resistance (right hand)
Scrolls
 e - 2 scrolls of teleportation
 k - 2 scrolls of revelation
Potions
 d - 2 potions of might
 f - a potion of ambrosia {unknown}
 g - 2 potions of enlightenment
 j - a potion of cancellation {unknown}
 m - 2 potions of magic {unknown}
 n - a potion of attraction {unknown}
 o - 2 potions of haste {unknown}
 p - a potion of heal wounds {unknown}


   Skills:
 + Level 5.3 Fighting
 + Level 4.4 Axes
 + Level 5.3 Armour
 + Level 3.2 Dodging
 + Level 5.2 Shields


You had 5 spell levels left.
You didn't know any spells.
Your spell library contained the following spells:

 Spells                   Type           Power      Damage    Failure   Level
 Magic Dart               Conj           0%         1d3       85%         1
 Call Imp                 Summ           0%         N/A       94%         2
 Wereblood                Tmut           0%         N/A       94%         2
 Mephitic Cloud           Conj/Pois/Air  0%         N/A       99%         3
 Vhi's Electric Charge    Tloc/Air       0%         N/A       99%         3
 Arcjolt                  Conj/Air       0%         1d10      100%        5
 Irradiate                Conj/Tmut      0%         3d11      100%        5
 Maxwell's Capacitive Co  Air            0%         ∞         100%        8


Dungeon Overview and Level Annotations

Branches:
Dungeon (5/15)
 Temple: D:4-7

Altars:
Uskayaw

Shops:
D:2 :

Annotations:
D:4 1 runed translucent door, Ethylacetat's ghost, amateur OpSh
D:5 Pikel


Innate Abilities, Weirdness & Mutations

You have a pair of horns on your head.
You reflexively headbutt those who attack you in melee.


Message History

Pikel is almost dead.
You barely miss the lemure. You closely miss the lemure.
Pikel hits you with a +2 whip of electrocution.
The lemure barely misses you. You furiously retaliate!
You headbutt the lemure! The lemure hits you.
Pikel hits you with a +2 whip of electrocution.
The lemure hits you! x2
Unknown command.
You are too injured to fight recklessly!
Unknown command.
You are too injured to fight recklessly!
Unknown command.
You are too injured to fight recklessly!
Unknown command.
You are too injured to fight recklessly!
You hit Pikel.
Pikel is almost dead.
You barely miss the lemure. You hit the lemure but do no damage.
Pikel hits you with a +2 whip of electrocution.
You block the lemure's attack. The lemure hits you.
* * * LOW HITPOINT WARNING * * *
Pikel says, "Time is money, and you're costing me too much!"
Pikel hits you with a +2 whip of electrocution.
* * * LOW HITPOINT WARNING * * *
The lemure hits you!
* * * LOW HITPOINT WARNING * * *
You block the lemure's attack.
Unknown command.
You hit Pikel but do no damage.
Pikel is almost dead.
You closely miss the lemure. You barely miss the lemure.
You block Pikel's attack. The lemure barely misses you.
You furiously retaliate!
You headbutt the lemure, but do no damage.
The lemure barely misses you. The lemure closely misses you.
You furiously retaliate!
You headbutt the lemure!
Pikel hits you with a +2 whip of electrocution.
* * * LOW HITPOINT WARNING * * *
The lemure hits you.
You die...

.... ##.#.# ##
.....# #. #....
#.##...# #
#......#.###
#..5K......#
######.@5#
#.....<..#
#.............
#.............
###............
#............
#............
#............
#...........


You could see Pikel and 2 lemures.

Vanquished Creatures
  A black bear (D:4)
  2 lemures (D:5)
  A phantom (D:4)
  A scorpion (D:4)
  3 hounds
  A jelly (D:4)
  5 adders
  2 worms
  2 dart slugs
  An orc (D:3)
  3 endoplasms
  2 giant cockroaches
  5 goblins
  13 hobgoblins
  2 jackals (D:4)
  9 kobolds
  6 quokkas
  8 ball pythons
  10 bats
  6 frilled lizards
  6 rats
89 creatures vanquished.

Notes
Turn   | Place    | Note
-------+----------+-------------------------------------------
     0 | D:1      | jaspen the Minotaur Fighter began the quest for the Orb.
     0 | D:1      | Reached XP level 1. HP: 19/19 MP: 0/0
     6 | D:1      | Noticed a five-headed hydra
     6 | D:1      | Noticed a black bear
     6 | D:1      | Noticed a black mamba
     6 | D:1      | Noticed a redback
     6 | D:1      | Noticed a komodo dragon
    87 | D:1      | Reached XP level 2. HP: 27/27 MP: 1/1
   558 | D:1      | Reached skill level 1 in Dodging
   991 | D:2      | Reached XP level 3. HP: 33/33 MP: 2/2
  1046 | D:2      | Found Ipleosow's Book Boutique.
  1116 | D:2      | Reached XP level 4. HP: 40/40 MP: 3/3
  1918 | D:3      | Found a faded altar of an unknown god.
  1958 | D:3      | Found a hide-covered altar of Uskayaw.
  1967 | D:3      | Reached XP level 5. HP: 47/47 MP: 4/4
  2311 | D:4      | Noticed a phantom
  2315 | D:4      | Killed a phantom
  2316 | D:4      | Reached XP level 6. HP: 49/55 MP: 5/5
  2425 | D:4      | Found a runed translucent door.
  2425 | D:4      | Noticed Ethylacetat's ghost (amateur OpSh)
  2518 | D:4      | Reached skill level 5 in Armour
  2608 | D:4      | Reached skill level 5 in Fighting
  2608 | D:4      | Reached skill level 5 in Shields
  2780 | D:5      | Entered Level 5 of the Dungeon
  2780 | D:5      | Noticed Pikel
  2789 | D:5      | HP: 1/56 [Pikel/+2 whip of electrocution (4)]
  2789 | D:5      | Slain by a lemure

Illustrated notes

Levels and vault maps discovered:
D:1:      onia_arrival_zoo_common, layout_basic
D:2:      layout_loops_cross, serial_shops, shop_statue
D:3:      layout_rooms, eat_drink_and_be_merry_uskayaw,
          shapermc_ecumenical_altar_acropolis
D:4:      layout_loops_cross, gammafunk_ghost_grave
D:5:      kennysheep_six_static_rooms, layout_basic, minitemple,
          minmay_temple_entry_mini_moons, uniq_pikel

Skill      XL: |  1  2  3  4  5  6 |
---------------+-------------------+-----
Dodging        | 1 2 3 |  3.2
Fighting       | 4 5 |  5.3
Armour         | 4 5 |  5.3
Shields        | 4 5 |  5.2
Axes           | 3 4 |  4.4

Action                     |  1- 3 |  4- 6 || total
---------------------------+-------+-------++-------
  Melee: War axe           |    60 |    97 ||   157
         Headbutt          |     6 |    11 ||    17
    Use: Scroll            |     4 |     5 ||     9
 Armour: Scale mail        |    26 |    59 ||    85
  Dodge: Dodged            |    33 |    67 ||   100
  Block: Buckler           |    19 |    26 ||    45

Table legend: (Time is in decaauts)
 A = Elapsed time spent in this place.
 B = Non-inter-level travel time spent in this place.
 C = Inter-level travel time spent in this place.
 D = Time resting spent in this place.
 E = Time spent auto-exploring this place.
 F = Levels seen in this place.
 G = Mean time per level.
                   A        B        C        D        E       F      G
               +--------+--------+--------+--------+--------+-----+--------+
         Total |   2918 |   2814 |    104 |      0 |   2251 |   5 |  583.6 |
       Dungeon |   2918 |   2814 |    104 |      0 |   2251 |   5 |  583.6 |
               +--------+--------+--------+--------+--------+-----+--------+

Top non-repeatable levels by time:
     D:1: 1002 daAuts
     D:4: 768 daAuts
     D:2: 622 daAuts
     D:3: 509 daAuts
     D:5: 15 daAuts
